[ AOE2 MATCH · #457084903 ]
UnrankedByzantines vs Turks
[ REPLAY ANALYSIS · EXTRACTED FROM THE RECORDED GAME ]
Feudal
—
Castle
—
Imperial
—
| APM avg | 19.8 |
| APM peak | 49 |
| eAPM avg | 11.2 |
| Villagers / military | 32 / 0 |
Focus
⚔️ 9.6% · 🌾 90.4%
Feudal
—
Castle
—
Imperial
—
| APM avg | 46.3 |
| APM peak | 72 |
| eAPM avg | 16.4 |
| Villagers / military | 29 / 0 |
Focus
⚔️ 17.6% · 🌾 82.4%
Fishing Ship ×9
Feudal
—
Castle
—
Imperial
—
| APM avg | 9.4 |
| APM peak | 16 |
| eAPM avg | 6.9 |
| Villagers / military | 35 / 0 |
Focus
⚔️ 1.3% · 🌾 98.7%
Fishing Ship ×9
Feudal
—
Castle
—
Imperial
—
| APM avg | 15.0 |
| APM peak | 32 |
| eAPM avg | 6.7 |
| Villagers / military | 23 / 0 |
Focus
⚔️ 2.8% · 🌾 97.2%
Feudal
—
Castle
—
Imperial
—
| APM avg | 27.6 |
| APM peak | 39 |
| eAPM avg | 13.9 |
| Villagers / military | 38 / 0 |
Focus
⚔️ 14.8% · 🌾 85.2%
Unknown (2550) ×6 · Fishing Ship ×3
Feudal
12:39
Castle
—
Imperial
—
| APM avg | 24.0 |
| APM peak | 45 |
| eAPM avg | 10.0 |
| Villagers / military | 35 / 0 |
Focus
⚔️ 8.2% · 🌾 91.8%
Fishing Ship ×6
Feudal
12:15
Castle
—
Imperial
—
| APM avg | 12.5 |
| APM peak | 37 |
| eAPM avg | 7.4 |
| Villagers / military | 24 / 0 |
Focus
⚔️ 0.0% · 🌾 100.0%
Feudal
—
Castle
—
Imperial
—
| APM avg | 32.7 |
| APM peak | 58 |
| eAPM avg | 12.0 |
| Villagers / military | 30 / 0 |
Focus
⚔️ 6.5% · 🌾 93.5%
Fishing Ship ×7
Match map
Initial resources + every placement click. Lines = walls · curves = elevation contours. ◆ gold · ⬟ stone · ● berries · ✦ relic · ◌ wall gap
Your base· ✓ Closed at 12:00 · 31t walls · fragile
AlexanderGr8's base· ✓ Closed at 12:00 · 21t walls · no gate
sirboogsalot360's base· ✓ Closed at 12:00 · 0t walls · no gate
五星大厨带你尝遍满汉全席直呼好饱好饱 :)'s base· ✓ Closed at 12:00 · 13t walls · fragile
junn's base· ✓ Closed at 12:00 · 6t walls · 1 gate(s)
Land veroveraar's base· ✓ Closed at 12:00 · 0t walls · no gate
270829282's base· ✓ Closed at 12:00 · 0t walls · fragile
88 elephant's base· ✓ Closed at 12:00 · 0t walls · fragile
Smoothed initial terrain · ◌ = detected wall gap · hover for details
Inputs per minute
— faelgadban95 - - AlexanderGr8
Build order — faelgadban95
45 actions detected in the replay
| 0:02 | Create | Villager (Male) |
| 0:03 | Create | Villager (Male) |
| 0:04 | Build | House |
| 0:05 | Build | House |
| 0:14 | Create | Villager (Male) |
| 0:15 | Create | Villager (Male) |
| 1:14 | Build | Palisade Wall |
| 1:49 | Create | Villager (Male) |
| 1:50 | Create | Villager (Male) |
| 2:01 | Create | Villager (Male) |
| 2:02 | Create | Villager (Male) |
| 2:32 | Create | Villager (Male) |
| 3:14 | Create | Villager (Male) |
| 3:14 | Create | Villager (Male) |
| 3:14 | Create | Villager (Male) |
| 3:49 | Create | Villager (Male) |
| 4:17 | Create | Villager (Male) |
| 4:18 | Create | Villager (Male) |
| 4:18 | Create | Villager (Male) |
| 4:18 | Create | Villager (Male) |
| 4:19 | Create | Villager (Male) |
| 5:01 | Create | Villager (Male) |
| 5:12 | Research | Loom |
| 5:51 | Build | Mill |
| 5:53 | Create | Villager (Male) |
| 5:58 | Create | Villager (Male) |
| 6:20 | Create | Villager (Male) |
| 7:02 | Create | Villager (Male) |
| 7:03 | Create | Villager (Male) |
| 7:27 | Build | House |
| 8:06 | Build | House |
| 8:10 | Create | Villager (Male) |
| 8:35 | Create | Villager (Male) |
| 8:53 | Create | Villager (Male) |
| 9:31 | Build | House |
| 9:41 | Create | Villager (Male) |
| 10:12 | Build | Palisade Wall |
| 10:18 | Create | Villager (Male) |
| 10:19 | Create | Villager (Male) |
| 10:51 | Build | Lumber Camp |
| 11:12 | Create | Villager (Male) |
| 11:13 | Create | Villager (Male) |
| 11:57 | Research | Feudal Age |
| 12:25 | Build | Mill |
| 12:30 | Build | Mining Camp |
Build order — AlexanderGr8
57 actions detected in the replay
| 0:01 | Create | Villager (Male) |
| 0:01 | Create | Villager (Male) |
| 0:01 | Create | Villager (Male) |
| 0:02 | Create | Villager (Male) |
| 0:03 | Build | House |
| 0:04 | Build | House |
| 1:28 | Create | Villager (Male) |
| 1:47 | Build | Lumber Camp |
| 1:52 | Create | Villager (Male) |
| 2:20 | Create | Villager (Male) |
| 2:50 | Create | Villager (Male) |
| 3:08 | Build | House |
| 3:17 | Create | Villager (Male) |
| 3:28 | Create | Villager (Male) |
| 3:50 | Create | Villager (Male) |
| 4:15 | Create | Villager (Male) |
| 5:04 | Create | Villager (Male) |
| 5:05 | Research | Loom |
| 5:24 | Build | Lumber Camp |
| 5:29 | Create | Villager (Male) |
| 5:30 | Create | Villager (Male) |
| 6:09 | Build | House |
| 6:22 | Create | Villager (Male) |
| 6:22 | Create | Villager (Male) |
| 6:25 | Create | Villager (Male) |
| 6:31 | Build | Dock |
| 6:58 | Build | House |
| 7:02 | Create | Villager (Male) |
| 7:10 | Build | House |
| 7:17 | Create | Villager (Male) |
| 7:32 | Build | House |
| 7:43 | Create | Fishing Ship |
| 7:44 | Create | Fishing Ship |
| 7:44 | Create | Fishing Ship |
| 7:44 | Create | Fishing Ship |
| 8:07 | Build | Palisade Wall |
| 8:14 | Create | Villager (Male) |
| 8:15 | Create | Villager (Male) |
| 8:41 | Create | Villager (Male) |
| 8:45 | Build | Mill |
| 9:09 | Create | Villager (Male) |
| 9:09 | Create | Villager (Male) |
| 9:37 | Create | Fishing Ship |
| 9:38 | Create | Fishing Ship |
| 9:38 | Create | Fishing Ship |
| 10:04 | Build | Mining Camp |
| 10:13 | Create | Villager (Male) |
| 10:13 | Create | Villager (Male) |
| 10:25 | Create | Fishing Ship |
| 10:50 | Build | House |
| 10:54 | Create | Villager (Male) |
| 10:54 | Create | Villager (Male) |
| 11:33 | Build | House |
| 11:58 | Build | House |
| 12:12 | Research | Feudal Age |
| 12:13 | Research | Feudal Age |
| 12:25 | Create | Fishing Ship |
Build order — sirboogsalot360
48 actions detected in the replay
| 0:07 | Research | Loom |
| 0:08 | Create | Villager (Male) ×4 |
| 0:08 | Create | Villager (Male) |
| 0:11 | Build | House |
| 0:13 | Build | House |
| 2:08 | Create | Villager (Male) |
| 2:08 | Create | Villager (Male) |
| 2:40 | Create | Villager (Male) |
| 2:40 | Create | Villager (Male) |
| 2:41 | Create | Villager (Male) |
| 3:09 | Create | Villager (Male) |
| 3:10 | Create | Villager (Male) |
| 3:10 | Create | Villager (Male) |
| 3:10 | Create | Villager (Male) |
| 3:36 | Build | Settlement |
| 3:46 | Create | Villager (Male) |
| 3:46 | Create | Villager (Male) |
| 3:58 | Create | Villager (Male) |
| 3:59 | Create | Villager (Male) |
| 3:59 | Create | Villager (Male) |
| 4:27 | Create | Villager (Male) |
| 4:28 | Create | Villager (Male) |
| 4:46 | Create | Villager (Male) |
| 4:46 | Create | Villager (Male) |
| 4:46 | Create | Villager (Male) |
| 5:14 | Create | Villager (Male) |
| 5:14 | Create | Villager (Male) |
| 5:52 | Create | Villager (Male) |
| 5:53 | Create | Villager (Male) |
| 6:10 | Create | Villager (Male) |
| 6:27 | Create | Villager (Male) |
| 6:54 | Build | Dock |
| 6:56 | Create | Villager (Male) |
| 8:06 | Create | Fishing Ship |
| 8:06 | Create | Fishing Ship |
| 8:06 | Create | Fishing Ship |
| 8:12 | Create | Villager (Male) |
| 8:12 | Create | Villager (Male) |
| 8:25 | Create | Fishing Ship |
| 9:13 | Research | Feudal Age |
| 9:25 | Build | Settlement |
| 9:50 | Create | Fishing Ship |
| 9:51 | Create | Fishing Ship |
| 11:04 | Create | Villager (Male) |
| 11:04 | Create | Villager (Male) |
| 11:08 | Create | Fishing Ship |
| 11:08 | Create | Fishing Ship |
| 11:14 | Create | Fishing Ship |
Build order — 五星大厨带你尝遍满汉全席直呼好饱好饱 :)
30 actions detected in the replay
| 0:07 | Create | Villager (Male) |
| 0:08 | Create | Villager (Male) |
| 0:08 | Create | Villager (Male) |
| 0:08 | Create | Villager (Male) |
| 0:08 | Create | Villager (Male) |
| 0:12 | Build | House |
| 0:13 | Build | House |
| 0:54 | Build | Mill |
| 1:04 | Build | House |
| 2:47 | Build | Palisade Wall |
| 3:27 | Create | Villager (Male) |
| 3:28 | Create | Villager (Male) |
| 3:28 | Create | Villager (Male) |
| 4:07 | Create | Villager (Male) |
| 4:07 | Create | Villager (Male) |
| 5:00 | Create | Villager (Male) |
| 5:01 | Create | Villager (Male) |
| 5:14 | Build | Lumber Camp |
| 5:41 | Create | Villager (Male) |
| 5:58 | Create | Villager (Male) |
| 5:58 | Create | Villager (Male) |
| 7:33 | Create | Villager (Male) |
| 7:33 | Create | Villager (Male) |
| 8:36 | Create | Villager (Male) |
| 9:08 | Create | Villager (Male) |
| 9:23 | Create | Villager (Male) |
| 10:19 | Create | Villager (Male) |
| 10:19 | Create | Villager (Male) |
| 10:19 | Create | Villager (Male) |
| 10:41 | Build | Barracks |
Build order — junn
64 actions detected in the replay
| 0:03 | Build | House |
| 0:04 | Create | Villager (Male) |
| 0:04 | Create | Villager (Male) |
| 0:06 | Build | House |
| 0:07 | Create | Villager (Male) |
| 0:08 | Create | Villager (Male) |
| 0:08 | Create | Villager (Male) |
| 1:17 | Create | Villager (Male) |
| 2:03 | Create | Villager (Male) |
| 2:03 | Create | Villager (Male) |
| 2:30 | Build | House |
| 2:44 | Research | Loom |
| 3:05 | Build | House |
| 3:07 | Create | Villager (Male) |
| 3:07 | Create | Villager (Male) |
| 3:07 | Create | Villager (Male) |
| 3:46 | Build | House |
| 3:48 | Create | Villager (Male) |
| 3:48 | Create | Villager (Male) |
| 4:02 | Build | Palisade Wall |
| 4:05 | Build | Palisade Gate |
| 4:23 | Create | Villager (Male) |
| 4:23 | Create | Villager (Male) |
| 4:42 | Create | Villager (Male) |
| 4:42 | Create | Villager (Male) |
| 5:09 | Build | Settlement |
| 5:11 | Create | Villager (Male) |
| 5:26 | Create | Villager (Male) |
| 5:27 | Create | Villager (Male) |
| 5:51 | Create | Villager (Male) |
| 6:02 | Create | Villager (Male) |
| 6:03 | Create | Villager (Male) |
| 7:21 | Build | Barracks |
| 7:37 | Create | Villager (Male) |
| 7:37 | Create | Villager (Male) |
| 7:37 | Create | Villager (Male) |
| 7:38 | Create | Villager (Male) |
| 7:38 | Create | Villager (Male) |
| 7:47 | Create | Villager (Male) |
| 7:58 | Build | Settlement |
| 7:59 | Create | Villager (Male) |
| 8:34 | Create | Villager (Male) |
| 8:59 | Build | Dock |
| 9:11 | Create | Unit 2550 |
| 9:12 | Create | Unit 2550 |
| 9:40 | Build | Settlement |
| 9:57 | Create | Villager (Male) |
| 10:07 | Create | Unit 2550 |
| 10:16 | Create | Villager (Male) |
| 10:35 | Create | Villager (Male) |
| 11:08 | Create | Villager (Male) |
| 11:08 | Create | Villager (Male) |
| 11:14 | Create | Fishing Ship |
| 11:47 | Create | Villager (Male) |
| 11:51 | Create | Unit 2550 |
| 11:51 | Create | Unit 2550 |
| 12:02 | Build | Farm |
| 12:04 | Build | Farm |
| 12:06 | Create | Fishing Ship |
| 12:20 | Create | Unit 2550 |
| 12:22 | Create | Villager (Male) |
| 12:31 | Create | Fishing Ship |
| 12:37 | Build | House |
| 12:38 | Build | House |
Build order — Land veroveraar
62 actions detected in the replay
| 0:01 | Create | Villager (Male) |
| 0:01 | Create | Villager (Male) |
| 0:01 | Create | Villager (Male) |
| 0:01 | Create | Villager (Male) |
| 0:03 | Build | House |
| 0:04 | Build | House |
| 1:29 | Create | Villager (Male) |
| 1:29 | Create | Villager (Male) |
| 1:29 | Create | Villager (Male) |
| 1:29 | Create | Villager (Male) |
| 2:03 | Create | Villager (Male) |
| 2:03 | Create | Villager (Male) |
| 2:04 | Create | Villager (Male) |
| 2:15 | Build | Lumber Camp |
| 2:52 | Create | Villager (Male) |
| 2:52 | Create | Villager (Male) |
| 2:52 | Create | Villager (Male) |
| 2:53 | Create | Villager (Male) |
| 3:04 | Build | House |
| 3:32 | Create | Villager (Male) |
| 3:32 | Create | Villager (Male) |
| 3:32 | Create | Villager (Male) |
| 3:58 | Create | Villager (Male) |
| 3:59 | Create | Villager (Male) |
| 3:59 | Create | Villager (Male) |
| 3:59 | Create | Villager (Male) |
| 5:13 | Build | Dock |
| 5:20 | Create | Villager (Male) |
| 5:20 | Create | Villager (Male) |
| 5:20 | Create | Villager (Male) |
| 5:29 | Build | House |
| 5:50 | Create | Villager (Male) |
| 5:57 | Create | Fishing Ship |
| 6:00 | Build | House |
| 6:21 | Create | Villager (Male) |
| 6:25 | Create | Fishing Ship |
| 6:44 | Build | House |
| 7:00 | Create | Villager (Male) |
| 7:12 | Create | Fishing Ship |
| 7:14 | Create | Villager (Male) |
| 7:14 | Create | Villager (Male) |
| 7:20 | Build | House |
| 7:58 | Create | Fishing Ship |
| 8:24 | Create | Villager (Male) |
| 8:24 | Create | Villager (Male) |
| 8:24 | Create | Villager (Male) |
| 8:28 | Build | Mining Camp |
| 8:32 | Create | Fishing Ship |
| 9:01 | Build | Lumber Camp |
| 9:19 | Create | Villager (Male) |
| 9:22 | Create | Fishing Ship |
| 9:30 | Build | House |
| 9:30 | Build | House |
| 9:48 | Create | Villager (Male) |
| 10:14 | Build | House |
| 10:15 | Build | House |
| 10:19 | Research | Feudal Age |
| 10:35 | Build | Mill |
| 12:02 | Build | Farm |
| 12:07 | Build | Farm |
| 12:39 | Age | Feudal Age |
| 12:41 | Build | Market |
Build order — 270829282
47 actions detected in the replay
| 0:06 | Research | Loom |
| 0:07 | Create | Villager (Male) |
| 0:07 | Create | Villager (Male) |
| 0:08 | Create | Villager (Male) |
| 0:08 | Create | Villager (Male) |
| 0:27 | Build | House |
| 0:29 | Build | House |
| 1:53 | Build | House |
| 1:56 | Build | House |
| 2:01 | Create | Villager (Male) |
| 2:23 | Create | Villager (Male) |
| 2:23 | Create | Villager (Male) |
| 3:14 | Create | Villager (Male) |
| 3:15 | Create | Villager (Male) |
| 3:15 | Create | Villager (Male) |
| 3:51 | Build | Lumber Camp |
| 3:55 | Create | Villager (Male) |
| 3:56 | Create | Villager (Male) |
| 4:18 | Create | Villager (Male) |
| 5:04 | Create | Villager (Male) |
| 5:04 | Create | Villager (Male) |
| 5:27 | Build | Mill |
| 5:38 | Create | Villager (Male) |
| 5:38 | Create | Villager (Male) |
| 6:16 | Create | Villager (Male) |
| 6:27 | Create | Villager (Male) |
| 7:47 | Build | Farm |
| 7:51 | Create | Villager (Male) |
| 7:51 | Create | Villager (Male) |
| 8:05 | Build | Farm |
| 8:40 | Create | Villager (Male) |
| 8:40 | Create | Villager (Male) |
| 8:50 | Build | Mining Camp |
| 9:13 | Build | Farm |
| 9:27 | Create | Villager (Male) |
| 10:05 | Research | Feudal Age |
| 10:22 | Build | House |
| 10:23 | Build | House |
| 10:52 | Build | Lumber Camp |
| 11:08 | Build | Farm |
| 11:10 | Build | Farm |
| 11:13 | Build | Farm |
| 11:14 | Build | Farm |
| 11:15 | Build | Farm |
| 11:29 | Build | House |
| 11:30 | Build | House |
| 12:15 | Age | Feudal Age |
Build order — 88 elephant
51 actions detected in the replay
| 0:02 | Create | Villager (Male) |
| 0:02 | Create | Villager (Male) |
| 0:02 | Create | Villager (Male) |
| 0:03 | Create | Villager (Male) |
| 0:04 | Build | House |
| 0:06 | Build | House |
| 0:34 | Build | House |
| 1:33 | Create | Villager (Male) |
| 1:33 | Create | Villager (Male) |
| 1:52 | Create | Villager (Male) |
| 1:56 | Research | Loom |
| 2:11 | Create | Villager (Male) |
| 2:45 | Create | Villager (Male) |
| 3:04 | Build | Lumber Camp |
| 3:12 | Create | Villager (Male) |
| 3:13 | Create | Villager (Male) |
| 3:19 | Create | Villager (Male) |
| 3:19 | Create | Villager (Male) |
| 3:43 | Create | Villager (Male) |
| 3:43 | Create | Villager (Male) |
| 4:17 | Create | Villager (Male) |
| 4:17 | Create | Villager (Male) |
| 4:49 | Research | Loom |
| 4:58 | Create | Villager (Male) |
| 4:58 | Create | Villager (Male) |
| 5:05 | Create | Villager (Male) |
| 5:06 | Create | Villager (Male) |
| 5:12 | Create | Villager (Male) |
| 5:36 | Build | House |
| 5:57 | Create | Villager (Male) |
| 5:58 | Create | Villager (Male) |
| 5:58 | Create | Villager (Male) |
| 6:27 | Create | Villager (Male) |
| 6:28 | Create | Villager (Male) |
| 6:37 | Build | Dock |
| 7:16 | Build | House |
| 7:17 | Create | Fishing Ship |
| 7:17 | Create | Fishing Ship |
| 7:18 | Create | Fishing Ship |
| 7:18 | Create | Fishing Ship |
| 7:25 | Create | Villager (Male) |
| 7:46 | Build | House |
| 7:50 | Create | Villager (Male) |
| 7:50 | Create | Villager (Male) |
| 8:34 | Build | Mill |
| 9:25 | Create | Fishing Ship |
| 9:25 | Create | Fishing Ship |
| 9:35 | Research | Feudal Age |
| 9:41 | Build | Mining Camp |
| 10:37 | Create | Fishing Ship |
| 11:17 | Build | Barracks |
Match timeline
| 1:14 | faelgadban95 · wall_segment Palisade Wall x24 |
| 2:47 | 五星大厨带你尝遍满汉全席直呼好饱好饱 :) · wall_segment Palisade Wall x13 |
| 4:02 | junn · wall_segment Palisade Wall x6 |
| 5:13 | Land veroveraar · first_building Dock |
| 6:31 | AlexanderGr8 · first_building Dock |
| 6:37 | 88 elephant · first_building Dock |
| 6:54 | sirboogsalot360 · first_building Dock |
| 7:21 | junn · first_building Barracks |
| 8:07 | AlexanderGr8 · wall_segment Palisade Wall x21 |
| 8:59 | junn · first_building Dock |
| 10:12 | faelgadban95 · wall_segment Palisade Wall x7 |
| 10:41 | 五星大厨带你尝遍满汉全席直呼好饱好饱 :) · first_building Barracks |
| 11:17 | 88 elephant · first_building Barracks |
| 11:19 | 五星大厨带你尝遍满汉全席直呼好饱好饱 :) · resign |
| 12:15 | 270829282 · age_up feudal |
| 12:39 | Land veroveraar · age_up feudal |
[ AI ANALYSIS · 1 CREDIT ]
What really happened in this match?
Wolo.gg analyzes every decision: build order, eco, micro, common mistakes by bracket. Personalized analysis on WhatsApp or Discord in 30 seconds.
Civ guide
Byzantines
Perfil
Jugador #2891445